 Dungeon Crawl Stone Soup version 0.24-a0-479-g9a978d2894 (webtiles) character file.

Game seed: 10424895643265315455

475 Gwenloh the Twirler (level 6, -9/56 HPs)
             Began as a Minotaur Gladiator on July 7, 2019.
             Mangled by an ogre
             ... wielding a +0 giant club
              (17 damage)
             ... on level 4 of the Dungeon.
             The game lasted 00:10:29 (2960 turns).

Gwenloh the Twirler (Minotaur Gladiator)            Turns: 2960, Time: 00:10:30

Health: -9/56      AC: 12    Str: 18    XL:     6   Next: 84%
Magic:  5/5        EV:  9    Int:  5    God:
Gold:   246        SH:  0    Dex: 14    Spells: 5/5 levels left

rFire    . . .     SeeInvis .   a - +0 quarterstaff
rCold    . . .     Gourm    .   (shield currently unavailable)
rNeg     . . .     Faith    .   v - +2 chain mail {rPois}
rPois    +         Spirit   .   c - +0 hat
rElec    .         Reflect  .   (no cloak)
rCorr    .         Harm     .   n - +0 pair of gloves
MR       .....                  (no boots)
Stlth    ..........             (no amulet)
HPRegen  0.18/turn              (no ring)
MPRegen  0.09/turn              (no ring)

@: no status effects
A: retaliatory headbutt, horns 2
a: no special abilities


You were on level 4 of the Dungeon.
You were not hungry.

You visited 1 branch of the dungeon, and saw 4 of its levels.

You collected 246 gold pieces.

Inventory:

Hand Weapons
 a - a +0 quarterstaff (weapon)
Missiles
 d - 3 throwing nets
 g - 17 boomerangs (quivered)
 s - 39 arrows
Armour
 c - a +0 hat (worn)
 n - a +0 pair of gloves (worn)
 v - a +2 chain mail of poison resistance (worn)
 x - a +0 scale mail of fire resistance
Scrolls
 b - a scroll of magic mapping {unknown}
 j - a scroll of amnesia {unknown}
 l - a scroll of teleportation
 o - 2 scrolls of fear
 r - a scroll of identify
 t - a scroll of remove curse
Potions
 e - 2 potions of might
 i - a potion of flight
 k - a potion of heal wounds {unknown}
 m - 2 potions of curing
 p - a potion of haste
 q - a potion of brilliance {unknown}
 u - a potion of resistance {unknown}
Comestibles
 f - 6 rations


   Skills:
 + Level 5.0 Fighting
 + Level 5.6 Staves
 - Level 2.0 Throwing
 + Level 3.7 Armour
 + Level 5.1 Dodging


You had 5 spell levels left.
You didn't know any spells.
Your spell library was empty.

Dungeon Overview and Level Annotations

Branches:
Dungeon (4/15)
 Temple: D:4-7

Altars:
Fedhas
Okawaru
Wu Jian
Yredelemnul
Zin

Shops:
D:4 [


Innate Abilities, Weirdness & Mutations

You reflexively headbutt those who attack you in melee.
You have a pair of horns on your head.


Message History

The ogre hits you with a +0 giant club!
You are too injured to fight recklessly!
You are too injured to fight recklessly!
You are too injured to fight recklessly!
Your chain mail prevents you from hitting the ogre.
The ogre hits you with a +0 giant club.
You hit the ogre.
The ogre is lightly wounded.
You sock the ogre! Your headbutt misses the ogre.
The ogre is heavily wounded.
The ogre hits you with a +0 giant club!
* * * LOW HITPOINT WARNING * * *
Your chain mail prevents you from hitting the ogre.
You headbutt the ogre.
The ogre is heavily wounded.
The ogre barely misses you. You furiously retaliate!
You headbutt the ogre. You completely miss the ogre.
The ogre is severely wounded.
The ogre hits you with a +0 giant club!
You die...

####.......##########
#####...................######
......#########.#######......####
.###### #..###########.....
.######## ##.....# #####.
........# #####.# #. #######[###
### ## #...### ########
###...###.@O..$# ♣♣♣♣
###.#(..###### ♣♣..♣ ####..^###
♣._♣♣ ### #.##...######## ♣♣..♣
<.# ##.............# ♣..♣♣
#.#####.<....###...### ♣.♣♣
#.#......##### ###.## ♣.♣
....####.# #..# ♣.♣ ##)..###.#
##.# ♣♣)♣


You could see an ogre.

Vanquished Creatures
  An ogre (D:4)
  3 orc wizards (D:3)
  An orc priest (D:4)
  An iguana (D:4)
  2 worker ants (D:4)
  4 gnolls (D:3)
  7 adders
  3 worms
  4 dart slugs
  A leopard gecko (D:3)
  12 orcs
  5 bats
  6 giant cockroaches
  5 goblins
  4 hobgoblins
  11 jackals
  8 kobolds
  A quokka (D:3)
  2 ball pythons
  2 frilled lizards
  8 rats
91 creatures vanquished.

Notes
Turn   | Place    | Note
-------+----------+-------------------------------------------
     0 | D:1      | Gwenloh the Minotaur Gladiator began the quest for the Orb.
     0 | D:1      | Reached XP level 1. HP: 18/18 MP: 0/0
    53 | D:1      | Reached XP level 2. HP: 18/25 MP: 1/1
   794 | D:2      | Reached XP level 3. HP: 31/31 MP: 2/2
   813 | D:2      | Reached skill level 1 in Armour
   903 | D:2      | Found an ornate altar of the Wu Jian Council.
  1057 | D:2      | Found a glowing silver altar of Zin.
  1178 | D:3      | Reached XP level 4. HP: 38/38 MP: 3/3
  1547 | D:3      | Reached XP level 5. HP: 42/46 MP: 4/4
  1747 | D:3      | Reached skill level 5 in Staves
  1906 | D:3      | Found a basalt altar of Yredelemnul.
  1940 | D:3      | Reached XP level 6. HP: 22/53 MP: 5/5
  2630 | D:4      | Found a blossoming altar of Fedhas.
  2714 | D:4      | Reached skill level 5 in Dodging
  2813 | D:4      | Found Sieshref's Armour Shoppe.
  2848 | D:4      | Found an iron altar of Okawaru.
  2858 | D:4      | Reached skill level 5 in Fighting
  2960 | D:4      | Mangled by an ogre

Levels and vault maps discovered:
D:1:      lemuel_arrival_hallway, layout_basic
D:2:      layout_rooms, old_standard_altar, zin_treasury
D:3:      minmay_angry_zag, layout_basic, old_standard_altar, first_ration,
          kennysheep_generic_room_6
D:4:      layout_rooms, fedhas_altar_4, lemuel_round_altar, serial_shops,
          nicolae_shop_window_shopping

Skill      XL: |  1  2  3  4  5  6 |
---------------+-------------------+-----
Staves         | 4 5 |  5.6
Fighting       | 3 4 5 |  5.0
Armour         | 1 2 3 |  3.7
Dodging        | 4 5 |  5.1
Throwing       | |  2.0

Action                   |  1- 3 |  4- 6 || total
-------------------------+-------+-------++-------
Melee: Quarterstaff      |    71 |   153 ||   224
       Headbutt          |    11 |    25 ||    36
Throw: Boomerang         |     1 |     5 ||     6
  Use: Scroll            |     5 |     5 ||    10
  Eat: Chunk             |     1 |     6 ||     7
Armor: Leather armour    |     7 |       ||     7
       Ring mail         |    14 |    41 ||    55
       Chain mail        |       |    15 ||    15
Dodge: Dodged            |    49 |    90 ||   139

Table legend:
 A = Non-vault XP
 B = Vault XP
 C = Vault XP percentage of total XP
 D = Non-vault monster count
 E = Vault monster count
 F = Vault count percentage of total count
                 A         B        C        D         E       F
            +---------+---------+-------+---------+---------+-------
      Total |     661 |      18 |   2.7 |      84 |       7 |   7.7
            +---------+---------+-------+---------+---------+-------
        D:1 |      34 |       0 |   0.0 |      21 |       0 |   0.0
        D:2 |      36 |       0 |   0.0 |      15 |       0 |   0.0
        D:3 |     295 |      18 |   5.8 |      34 |       7 |  17.1
        D:4 |     296 |       0 |   0.0 |      14 |       0 |   0.0
            +---------+---------+-------+---------+---------+-------
